Cogmind - Beta 17 @@@ ROGUE MODE // 2026.07.27 @ 23:04:27 Player: Clog Result: Destroyed by U9-FPB(R) with Subdweller Machine Gun Performance ------------- Evolutions (0) 0 Regions Visited (3) 600 Robots Destroyed (25) 125 Value Destroyed (250) 250 Prototype IDs (0) 0 Alien Tech Used (0) 0 Bonus (0) 0 TOTAL SCORE: 975 Bonus ------- None Cogmind --------- Core Integrity 0/250 Matter 300/300 Energy 248/250 System Corruption 0% Temperature Cool (1) Movement Walking (260) Ox2 Location -10/Subcaves Parts ------- > --- POWER (1) -------- Ion Engine > --- PROPULSION (2) --- Aluminum Leg > --- UTILITY (2) ------ Large Storage Unit Signal Interpreter > --- WEAPON (2) ------- (None) > --- INVENTORY (15) --- Light Ion Engine Propulsion Shielding Weapon Shielding Scrap Shield Beam Cannon Light Assault Rifle Light Assault Rifle Grenade Launcher Mining Laser Proton Bomb Trap Peak State ------------ > --- POWER ------------ Ion Engine > --- PROPULSION ------- Light Treads Light Treads > --- UTILITY ---------- Large Storage Unit Signal Interpreter > --- WEAPON ----------- Assault Rifle Light Assault Rifle > --- INVENTORY -------- Ion Engine Light Ion Engine Propulsion Shielding Weapon Shielding Beam Cannon Light Assault Rifle Light Assault Rifle Grenade Launcher Mining Laser Proton Bomb Trap [Rating: 8] Favorites ----------- Power Ion Engine Engine Ion Engine Propulsion Light Treads Treads Light Treads Leg Aluminum Leg Utility Signal Interpreter Storage Large Storage Unit Processor Signal Interpreter Weapon Assault Rifle Ballistic Gun Assault Rifle Build | -11 -10 -10 -10 ------- Run | Yrd Mat Min Sub Slots Evolved . | . . . . Power . | . . . . Propulsion . | . . . . Utility . | . . . . Weapon . | . . . . Parts Attached 12 | 6 3 1 2 Power 3 | 1 . 1 1 Engine 3 | 1 . 1 1 Core . | . . . . Reactor . | . . . . Propulsion 3 | 2 . . 1 Treads 2 | 2 . . . Leg 1 | . . . 1 Wheel . | . . . . Hover . | . . . . Flight . | . . . . Utility 4 | 1 3 . . Device . | . . . . Storage 3 | 1 2 . . Processor 1 | . 1 . . Hackware . | . . . . Protection . | . . . . Artifact . | . . . . Weapon 2 | 2 . . . Energy Gun . | . . . . Energy Cannon . | . . . . Ballistic Gun 2 | 2 . . . Ballistic Cannon . | . . . . Launcher . | . . . . Special Weapon . | . . . . Impact Weapon . | . . . . Slashing Weapon . | . . . . Piercing Weapon . | . . . . Special Melee Weapon . | . . . . Unidentified Prototypes . | . . . . Parts Lost 6 | . . 2 4 Power 2 | . . 1 1 Propulsion 2 | . . 1 1 Utility . | . . . . Weapon 2 | . . . 2 Highest Loss Streak 4 | . . 2 4 To Critical Strikes . | . . . . Average Backups 7 | 1 5 8 9 Power 1 | . 2 2 1 Propulsion . | . . . . Utility 1 | . . 2 2 Weapon 3 | . 2 4 5 Tool/Special . | . . . . Unused Backups 9 | . . . 9 Power 1 | . . . 1 Propulsion . | . . . . Utility 3 | . . . 3 Weapon 5 | . . . 5 Tool/Special . | . . . . Average Slot Usage (%) 84 | . 96 94 68 Engine 13 | . 14 13 13 Treads 17 | . 28 24 6 Leg 3 | . . . 7 Storage 14 | . 14 14 14 Processor 13 | . 11 14 14 Ballistic Gun 21 | . 28 28 12 Peak Build Rating 8 | 6 7 8 7 Average Rating 6 | 5 6 7 5 On Entrance 5 | . 6 7 7 Avg Prop Armor Cover (%) . | . . . . Naked Turns . | . . . . Heaviest Build 28 | 13 28 28 26 Greatest Support 40 | 40 40 40 20 Greatest Overweight (x) 8 | . . 1 8 Average Overweight (x) . | . . . 1 Largest Inventory Capacity 15 | 8 15 15 15 Average Capacity 14 | 7 13 15 15 Most Carried 14 | 5 7 14 13 Average Carried 9 | 1 5 9 12 Final Capacity 15 | 8 15 15 15 Final Carried 13 | 3 7 13 11 Class Distribution -------------------- 100% | Mutant Dominant Class ---------------- Mutant | -10/Materials Mutant | -10/Mines Mutant | -10/Subcaves Resources | -11 -10 -10 -10 ----------- Run | Yrd Mat Min Sub Matter Collected 612 | 256 214 122 20 Remotely . | . . . . Salvage Created 478 | 63 199 216 . Parts 42 | 9 16 17 . Haulers Intercepted 1 | . 1 . . Recyclers Shooed . | . . . . Parts Field Recycled . | . . . . Retrieved Matter . | . . . . Parts Self-Destructed 4 | . . . 4 Prevented . | . . . . Parts Restored . | . . . . Kills | -11 -10 -10 -10 ------- Run | Yrd Mat Min Sub Combat Hostiles Destroyed 19 | . 9 10 . Guns 19 | . 9 10 . Classes Destroyed 5 | 1 3 1 . Tunneler 4 | 4 . . . Hauler 1 | . 1 . . Recycler 1 | . . 1 . Swarmer 18 | . 8 10 . Grunt 1 | . 1 . . Best Kill Streak 4 | 2 4 3 . Combat Bots Only 4 | . 4 3 . Max Kills in Single Turn 2 | 1 1 2 . Gunslinging 1 | . . 1 . Exploded . | . . . . Melee . | . . . . Uniques/NPCs Destroyed . | . . . . Combat | -11 -10 -10 -10 -------- Run | Yrd Mat Min Sub Hostile Shots Fired 109 | . 49 51 9 Missed 34 | . 23 11 . Hits 75 | . 26 40 9 Projectile 75 | . 26 40 9 AOE 1 | . . . 1 Damage Taken 950 | . 207 325 418 Core 267 | . 24 55 188 Absorbed by Shields . | . . . . Core Remaining (%) 100 | 100 . . . Volleys Fired 76 | 17 38 21 . Largest 2 | 2 2 2 . Hottest 40 | 40 40 40 . Shots Fired 152 | 34 76 42 . Gun 152 | 34 76 42 . Cannon . | . . . . Launcher . | . . . . Special . | . . . . Kinetic 152 | 34 76 42 . Thermal . | . . . . Explosive . | . . . . Electromagnetic . | . . . . Robot Hit Streak 11 | 11 4 5 . Robot Miss Streak 7 | 5 7 5 . Penetration Max . | . . . . Secondary Targets 5 | . 3 2 . Max Gunslinging Chain 1 | . 1 1 . Shots Hit Robots 69 | 19 34 16 . Core Hits 32 | 5 15 12 . Critical Kills 1 | . 1 . . Critical Parts Destroyed . | . . . . Critical Strikes 1 | . 1 . . Destroy 1 | . 1 . . Melee Attacks . | . . . . Impact . | . . . . Slashing . | . . . . Piercing . | . . . . Sneak Attacks . | . . . . Combat Hostiles . | . . . . Follow-up Attacks . | . . . . Damage Inflicted 780 | 190 386 204 . Guns 769 | 190 385 194 . Cannons . | . . . . Explosions . | . . . . Melee . | . . . . Ramming 11 | . 1 10 . Kinetic 769 | 190 385 194 . Thermal . | . . . . Explosive . | . . . . Electromagnetic . | . . . . Impact . | . . . . Slashing . | . . . . Piercing . | . . . . Highest Corruption . | . . . . Average Corruption . | . . . . Corruption Purged . | . . . . Corruption Blocked . | . . . . Overload Shots . | . . . . Overflow Damage . | . . . . Projectiles . | . . . . Explosions . | . . . . Melee . | . . . . Knockbacks . | . . . . Impact . | . . . . Kinetic . | . . . . Secondary . | . . . . Self-Inflicted Damage . | . . . . Shots . | . . . . Rammed 4 | . 1 3 . Targets Rammed 5 | . 1 4 . Kicked . | . . . . Crushed 1 | . . 1 . Highest Temperature . | . . . . Average Temperature . | . . . . Received Heat Transfer 18 | . . . 18 Siege Activations . | . . . . Martial Activations . | . . . . Shielding Activations . | . . . . Robots Disrupted . | . . . . Combat Hostiles . | . . . . Robots Corrupted . | . . . . Combat Hostiles . | . . . . Parts Fried . | . . . . Impact Corruptions . | . . . . Robots Melted . | . . . . Combat Hostiles . | . . . . Parts Melted . | . . . . Heat Transferred . | . . . . Parts Sabotaged . | . . . . Parts Stolen . | . . . . Parts Stripped . | . . . . Power Chain Reactions . | . . . . Alert | -11 -10 -10 -10 ------- Run | Yrd Mat Min Sub Maximum Alert Level . | . . . . Low Security (%) 100 | 100 100 100 . Level 1 . | . . . . Level 2 . | . . . . Level 3 . | . . . . Level 4 . | . . . . Level 5 . | . . . . High Security . | . . . . Max Security . | . . . . Peak Influence 140 | 5 140 62 . Initial 15 | . . 15 . Average 37 | . 81 19 . Influence Increases 530 | 20 245 265 . Destroy 0b10 Robot/C 380 | . 180 200 . Destroy 0b10 Robot/NC 30 | 20 5 5 . Destroy Leader 62 | . 32 30 . Successful Hack 13 | . 13 . . Lose Combat Pursuer 45 | . 15 30 . Influence Decreases 530 | 20 204 299 7 Entered New Map 30 | . . 26 4 Time Decay 480 | 20 204 253 3 Lost Part 20 | . . 20 . Squads Dispatched . | . . . . Investigation . | . . . . Extermination . | . . . . Reinforcement . | . . . . Assault . | . . . . Garrison . | . . . . Intercept . | . . . . Searches Triggered . | . . . . Construction Impeded . | . . . . Haulers Reinforced . | . . . . Active Scanning Responses . | . . . . Cargo Convoy Interrupts . | . . . . Stealth | -11 -10 -10 -10 --------- Run | Yrd Mat Min Sub Distress Signals 2 | . 2 . . Communications Jammed . | . . . . Distress Signals . | . . . . Times Spotted 31 | . 15 12 4 Peak Tracking Total 4 | . 4 3 2 Tactical Retreats 2 | . 1 1 . Traps | -11 -10 -10 -10 ------- Run | Yrd Mat Min Sub Traps Triggered 3 | . . . 3 Indirectly . | . . . . Trap Hack Attempts . | . . . . Triggered . | . . . . Disarmed . | . . . . Reprogrammed . | . . . . Reused 2 | . . . 2 Traps Extracted . | . . . . Installed 3 | . . . 3 Triggered . | . . . . Most Traps Carried 4 | . . 4 4 Machines | -11 -10 -10 -10 ---------- Run | Yrd Mat Min Sub Machines Disabled . | . . . . Max in Single Turn . | . . . . Machines Repaired . | . . . . Machines Dismantled . | . . . . Machines Sabotaged . | . . . . Overloaded Fab Kills . | . . . . Hacking | -11 -10 -10 -10 --------- Run | Yrd Mat Min Sub Machines Accessed 2 | . 2 . . Terminals 2 | . 2 . . Fabricators . | . . . . Repair Stations . | . . . . Recycling Units . | . . . . Scanalyzers . | . . . . Garrison Access . | . . . . Total Hacks 5 | . 5 . . Successful 2 | . 2 . . Failed 3 | . 3 . . Catastrophic . | . . . . Database Lockouts . | . . . . Manual 3 | . 3 . . Terminals 5 | . 5 . . Fabricators . | . . . . Repair Stations . | . . . . Recycling Units . | . . . . Scanalyzers . | . . . . Garrison Access . | . . . . Terminal Hacks 2 | . 2 . . Branch Access Points 1 | . 1 . . Hauler Manifests 1 | . 1 . . Fabricator Hacks . | . . . . Repair Station Hacks . | . . . . Recycling Unit Hacks . | . . . . Scanalyzer . | . . . . Garrison Access Hacks . | . . . . Unauthorized Hacks . | . . . . Terminals . | . . . . Fabricators . | . . . . Repair Stations . | . . . . Recycling Units . | . . . . Scanalyzers . | . . . . Garrison Access . | . . . . Data Cores Recovered . | . . . . Used . | . . . . Hacking Detections 2 | . 2 . . Full Trace Events . | . . . . Feedback Events . | . . . . Feedback Blocked . | . . . . Robot Schematics Acquired . | . . . . Robots Built . | . . . . Authchips . | . . . . Time . | . . . . Total Robot Build Rating . | . . . . Part Schematics Acquired . | . . . . Parts Built . | . . . . Authchips . | . . . . Time . | . . . . Total Part Build Rating . | . . . . Part Studies Acquired . | . . . . Parts Repaired . | . . . . Time . | . . . . Parts Recycled . | . . . . Recycled Matter . | . . . . Retrieved Matter . | . . . . Retrieved Components . | . . . . Parts Scanalyzed . | . . . . Part Schematics Acquired . | . . . . Parts Damaged . | . . . . Bothacking | -11 -10 -10 -10 ------------ Run | Yrd Mat Min Sub Used RIF Installer . | . . . . Robots Hacked . | . . . . Non-combat . | . . . . Combat . | . . . . Robot Hacks Applied . | . . . . Relay Couplers Released . | . . . . Fabnet Peak Effective % . | . . . . Robots Rewired . | . . . . Allies Hacked . | . . . . Hacks Repelled . | . . . . Allies | -11 -10 -10 -10 -------- Run | Yrd Mat Min Sub Total Allies . | . . . . Largest Group . | . . . . Highest-Rated Group . | . . . . Highest-Rated Ally . | . . . . Total Orders . | . . . . Ally Attacks . | . . . . Total Damage . | . . . . Kills . | . . . . Allies Corrupted . | . . . . Allies Melted . | . . . . Intel | -11 -10 -10 -10 ------- Run | Yrd Mat Min Sub Active Infowar (turns) . | . . . . Robot Analysis Total . | . . . . Derelict Logs Recovered 1 | . . 1 . Drone Launches . | . . . . Drone Recoveries . | . . . . Exploration | -11 -10 -10 -10 ------------- Run | Yrd Mat Min Sub Turns Passed 2409 | 154 456 842 957 Spaces Moved 1084 | 73 211 426 374 Core 27 | 22 . . 5 Treads 858 | 51 211 426 170 Legs 199 | . . . 199 Wheels . | . . . . Hover . | . . . . Flight . | . . . . Fastest Speed 50 | 50 160 160 240 Average Speed 196 | 126 160 176 253 Slowest Speed 450 | 160 160 240 450 Overloaded Moves . | . . . . Propulsion Burnouts . | . . . . Robots Hopped . | . . . . Potential Cave-ins . | . . . . Cave-ins Triggered . | . . . . Exploration Rate (%) 33 | 5 48 58 21 Regions Visited 3 Branch Regions 2 Pre-discovered Areas 1 | . . . 1 Known Exits Taken 2 | . 1 1 . Unknown Exits Taken 1 | 1 . . . Scrap Searched 1 | . . 1 . Spaces Dug . | . . . . Terrain Destroyed . | . . . . Melee . | . . . . Projectile . | . . . . AOE . | . . . . Terrain Rammed . | . . . . Walls Destroyed . | . . . . Machines Disabled . | . . . . Actions | -11 -10 -10 -10 --------- Run | Yrd Mat Min Sub Total 1224 | 103 261 474 386 Wait 16 | . . 16 . Move 1081 | 72 210 425 374 Hop . | . . . . Pick Up 25 | 8 7 7 3 Fast Attach 1 | 1 . . . Attach 10 | 5 2 1 2 Detach . | . . . . Swap 1 | . 1 . . Drop 6 | . 2 . 4 Fire 76 | 17 38 21 . Melee . | . . . . Ram . | . . . . Kick . | . . . . Crush 5 | . 1 4 . Escape Stasis . | . . . . Rewire . | . . . . Trap 3 | . . . 3 Miscellaneous . | . . . . Route ------- -11/Scrapyard -10/Materials (discovered 3 exits: *Mat x2 / *Min) -10/Mines -10/Subcaves (discovered 1 exit: *Mat) History --------- Turn | Location | Event 2 | -11/Scrapyard | Met Revision 17 7 | -11/Scrapyard | Discovered new exit (range 15) 155 | -11/Scrapyard | Entered Materials 299 | -10/Materials | Identified exit to Mines 317 | -10/Materials | Build established: Mutant 363 | -10/Materials | Discovered new exit (range 8) 454 | -10/Materials | Discovered new exit (range 16) 509 | -10/Materials | Identified exit to Materials 611 | -10/Materials | Entered Mines 966 | -10/Mines | Discovered new exit (range 5) 971 | -10/Mines | Identified exit to Subcaves 1146 | -10/Mines | Found a hidden stash of uninstalled traps 1453 | -10/Mines | Entered Subcaves 1453 | -10/Subcaves | Discovered new exit (range 9) 1457 | -10/Subcaves | Learned location of Zion (-6) 1457 | -10/Subcaves | Met a Zionite searching for "candidates" 1470 | -10/Subcaves | Identified exit to Materials 1594 | -10/Subcaves | Core integrity fell below 50% 1667 | -10/Subcaves | A swath of the cavern ceiling suddenly collapsed 1870 | -10/Subcaves | Core integrity fell below 20% 1909 | -10/Subcaves | Lost 4 parts (1p1n2w) 2407 | -10/Subcaves | Ambushed by Subdwellers from Twisted Machinery 2410 | -10/Subcaves | Destroyed by U9-FPB(R) with Subdweller Machine Gun Last Messages --------------- 01879_ Acquired Scrap Shield. 01880_ Subatomizers dissect the Corrupted Sub. Laser. 01881_ Acquired 10 matter. 01890_ Acquired Aluminum Leg. 01891_ Subatomizers dissect the Corrupted Sub. Laser. 01892_ Acquired 10 matter. 01902_ Subatomizers dissect the Corrupted Sub. Laser, destroying it. 01913_ Subatomizers dissect the Disposable Heat Sink. 02023_ Subatomizers dissect the Disposable Heat Sink, destroying it. 02407_ U9-FPB(R) emerges from the Twisted Machinery. 02407_ Dropped Proton Bomb Trap. 02408_ Acquired Proton Bomb Trap. 02409_ Dropped Proton Bomb Trap. 02409_ Installed Proton Bomb Trap. Map ----- +----------------------------------------------------+ | ?????????????????????????????????????????????????? | | ?????????????????????????????????????????????????? | | ?????????????????????????????????????????????????? | | ?????????????????????????????????????????????????? | | ?????????????????????????????????????????????????? | | ?????????????????????????????????????????????????? | | ?????????????????????????????????????????????????? | | ?????????????????????????????????????????????????? | | ?????????????????????????????????????????????????? | | ?????????????????????????????????????????????????? | | ???????????????????????????????? ??? ??????????? | | ???????????????????????????????? ??? #??????????? | | ?????????????????????????????### ??? #??????????? | | ????????????????????????????## ??? #??????????? | | ????????????????????????????# #??? ##?????????? | | ????????????????????????????# #??? #?????????? | | ????????????????????????????? #??? #?????????? | | ????????????????????????????## #?## ############ | | ????????????????????????????# ## ## # | | ?????????????????????????????# ## ## ? | | ?????????????????????????##### ?## #??? | | ?????????????????????##### #?## #### | | ???????????????????### ### # | | ????????????????? ##" ## ## | | ???????????????? """ # | | ?????????????????????# @ | | ?????????????????????# ^ ## ## | | ???????????????""" ########## < # | | ?????????????? """ R R####????????## #### | | ???????????????# #"#" #?????????????#### ##??? | | ?????????????????#?#"#?????????????????#### ##???? | | ???????????????????##?????????????????????###????? | | ?????????????????????????????????????????????????? | | ?????????????????????????????????????????????????? | | ?????????????????????????????????????????????????? | | ?????????????????????????????????????????????????? | | ?????????????????????????????????????????????????? | | ?????????????????????????????????????????????????? | | ?????????????????????????????????????????????????? | | ?????????????????????????????????????????????????? | | ?????????????????????????????????????????????????? | | ?????????????????????????????????????????????????? | | ?????????????????????????????????????????????????? | | ?????????????????????????????????????????????????? | | ?????????????????????????????????????????????????? | | ?????????????????????????????????????????????????? | | | | | | | | | +----------------------------------------------------+ Best States ------------- Heat Dissipation 25 Energy Generation 10 Energy Capacity 250 Matter Stores 300 Matter Capacity 300 Sight Range 16 Terrain Scan Density 10 Evasion (%) 50 Recoil Reduction 2 Item Schematics ----------------- None Robot Schematics ------------------ None Fabricated ------------ Nothing Repaired ---------- Nothing Studied --------- None Alien Tech Used ----------------- None Achievements -------------- None Challenges ------------ None Game ------ Seed HardcellSiegeTriangulator Manual? 0 Play Time 00:14:38 Cumulative 22.7 hours Start 2026.07.27 @ 22:52:07 End 2026.07.27 @ 23:04:27 Sessions 1 Manual Loads 0 Difficulty Rogue Special Mode None Game No. 24 Rogue 21 Adventurer 3 Explorer 0 Win Type - Total 1 Types 1/0/0/0/0/0/0/0/0/0 Lore% 24 Gallery% 19 Achievement% 22 Wizard Run 0 Options --------- Layout 1 ASCII 0 Keyboard 0 Movement Mouse Keybinds 0 Fullscreen 1 Font 32/SmallcapsGlow Map View 50x35 Zoom Use 0% Tactical HUD 1 Map Filters NONE Filters NONE Steam 1 RUN: 12787f3b-abec-4592-8863-0ead410a5106